 Dungeon Crawl Stone Soup version 0.30-a0-652-gcc886f7154 (webtiles) character file.

Game seed: 14224641760504447919

11001 bmack86 the Cleaver (level 11, -2/101 HPs)
             Began as a Minotaur Fighter on Jan 17, 2023.
             Was a Believer of Okawaru.
             Slain by Snorg (4 damage)
             ... on level 10 of the Dungeon.
             The game lasted 00:21:34 (9090 turns).

bmack86 the Cleaver (Minotaur Fighter)              Turns: 9090, Time: 00:21:34

Health: -2/101     AC: 23    Str: 24    XL:     11   Next: 43%
Magic:  11/12      EV:  9    Int:  5    God:    Okawaru [**....]
Gold:   507        SH: 12    Dex: 11    Spells: 10/10 levels left

rFire   . . .      SeeInvis +    a - +0 war axe (venom)
rCold   + . .      Faith    .    c - +0 buckler
rNeg    . . .      Spirit   .    b - +0 plate armour
rPois   .          Reflect  +    (helmet restricted)
rElec   .          Harm     .    C - +1 cloak
rCorr   .          Rampage  .    (no gloves)
Will    .....                    q - +2 pair of boots Stlth
                                 t - amulet of reflection
HPRegen 0.36/turn                j - ring of see invisible
MPRegen 0.13/turn                k - ring of protection from cold

@: heroic
A: horns 2, retaliatory headbutt
a: Renounce Religion, Heroism


You were on level 10 of the Dungeon.
You worshipped Okawaru.
Okawaru was pleased with you.
You visited 2 branches of the dungeon, and saw 11 of its levels.

You collected 507 gold pieces.

Inventory:

Hand Weapons
 a - a +0 war axe of venom (weapon)
 m - a +0 battleaxe
 D - a +1 hand axe of flaming
Missiles
 F - 16 poisoned darts
 K - 4 boomerangs (quivered)
Armour
 b - a +0 plate armour (worn)
 c - a +0 buckler (worn)
 q - a +2 pair of boots (worn)
 C - a +1 cloak (worn)
Jewellery
 i - a ring of flight
 j - a ring of see invisible (left hand)
 k - a ring of protection from cold (right hand)
 t - an amulet of reflection (around neck)
 E - an amulet of the acrobat
Wands
 d - a wand of digging (5)
 w - a wand of flame (10)
 y - a wand of polymorph (4)
 B - a wand of light (9)
 H - a wand of roots (7)
 J - a wand of mindburst (10)
Scrolls
 h - a scroll of fog
 r - 2 scrolls of teleportation
 u - a scroll of amnesia
 I - a scroll of magic mapping
Potions
 e - 6 potions of curing
 f - a potion of haste
 g - 2 potions of invisibility
 l - 2 potions of heal wounds {unknown}
 n - a potion of ambrosia
 o - a potion of resistance {unknown}
 s - 2 potions of berserk rage
 v - a potion of lignification {unknown}
 x - 2 potions of mutation {unknown}
 z - 2 potions of might
 A - 2 potions of magic
 G - 3 potions of attraction


   Skills:
 + Level 10.5(15.5) Fighting
 * Level 13.8(18.8) Axes
 + Level 3.4(8.4) Throwing
 + Level 10.5(15.5) Armour
 + Level 10.5(15.5) Shields
 + Level 2.9 Invocations


You had 10 spell levels left.
You didn't know any spells.
Your spell library contained the following spells:

 Spells                   Type           Power      Damage    Failure   Level
 Freeze                   Ice            0%         1d3       99%         1
 Frozen Ramparts          Ice            0%         1d1       100%        3
 Hailstorm                Conj/Ice       0%         3d3       100%        3
 Ignite Poison            Fire/Tmut/Pois 0%         N/A       100%        3
 Kindle Blastsparks       Fire/Tloc/Air  0%         2d10      100%        3
 Fulminant Prism          Conj/Hex       0%         3d5       100%        4
 Iskenderun's Mystic Bla  Conj/Tloc      0%         2d3       100%        4
 Leda's Liquefaction      Hex/Erth       0%         N/A       100%        4
 Sticky Flame             Conj/Fire      0%         2d3       100%        4
 Lee's Rapid Deconstruct  Erth           0%         3d4*      100%        5
 Statue Form              Tmut/Erth      0%         N/A       100%        6
 Ignition                 Fire           0%         3d3       100%        8


Dungeon Overview and Level Annotations

Branches:
Dungeon (10/15)            Temple (1/1) D:7            Lair (0/5) D:8
    Orc: D:9-12

Altars:
Ashenzari
Cheibriados
Dithmenos
Elyvilon
Fedhas
Gozag
Hepliaklqana
Kikubaaqudgha
Makhleb
Nemelex Xobeh
Okawaru
Qazlal
Ru
Sif Muna
Trog
Uskayaw
Vehumet
Wu Jian
Xom
Yredelemnul
Zin
The Shining One

Shops:
D:1 (

Annotations:
D:9 2 transporters, soul19's ghost, novice TrWr
D:10 Snorg


Innate Abilities, Weirdness & Mutations

You have a pair of horns on your head.
You reflexively headbutt those who attack you in melee.


Message History

Snorg is moderately wounded.
You slash the orc warrior!
You kill the orc warrior!
Okawaru accepts your kill. You block Snorg's attack.
Snorg claws you but does no damage. x2
The orc priest invokes the aid of Beogh against you.
Beogh smites you!
You slash Snorg!
Snorg looks as sick as possible!
You headbutt Snorg!
Snorg is heavily wounded.
You closely miss the orc wizard. You block Snorg's attack. x2
Snorg barely misses you.
You closely miss Snorg.
Snorg is heavily wounded.
You hit the orc wizard but do no damage.
The orc wizard is poisoned.
You slash the orc priest!
The orc priest looks as sick as possible!
Snorg bites you!!
* * * LOW HITPOINT WARNING * * *
Snorg claws you!
* * * LOW HITPOINT WARNING * * *
Snorg claws you but does no damage. Snorg bites you.
* * * LOW HITPOINT WARNING * * *
You block Snorg's attack. Snorg barely misses you.
You slice Snorg!!
Snorg is severely wounded.
You slash the orc priest!
You kill the orc priest!
Okawaru accepts your kill.
You slash the orc wizard!
The orc wizard hits you but does no damage.
Snorg bites you.
* * * LOW HITPOINT WARNING * * *
Snorg closely misses you. You block Snorg's attack.
You slash Snorg!
Snorg looks as sick as possible!
Snorg is severely wounded.
You slash the orc wizard!
You kill the orc wizard!
Okawaru accepts your kill. Snorg bites you but does no damage.
You block Snorg's attack. Snorg claws you.
You die...

###.#### ..#....#
..'....# ..#..<.#
..#....# .
..###############+####..
..#.......#........o....
..#.......#.....))......
..#.......#.....@T......
.#######..####'#########
....#..#.....#........
....#..#.....#........
#####..#'##..#...#....
.'..#.....#......#....
.#........#...........
#####.....#...........
....####..#...........


You could see Snorg (berserk, extremely poisoned) and an orc.

Vanquished Creatures
  Erica (D:8)
  2 two-headed ogres (D:9)
  An ugly thing (D:8)
  A komodo dragon (D:6)
  A troll (D:6)
  Sigmund (D:4)
  2 wraiths (D:10)
  A wyvern (D:9)
  6 yaks (D:9)
  A shadow (D:9)
  Edmund (D:4)
  Duvessa (D:4)
  A water moccasin (D:9)
  2 black bears
  2 ice beasts
  5 orc warriors
  A sky beast (D:7)
  2 ogres
  Blork the orc (D:4)
  2 necrophages
  5 bullfrogs
  A gnoll sergeant (D:5)
  3 scorpions
  Dowan (D:4)
  14 killer bees
  3 hounds
  3 jellies
  9 orc priests
  10 orc wizards
  Ijyb (D:4)
  4 iguanas
  3 adders
  4 gnolls (D:5)
  2 shadow imps
  3 white imps (D:6)
  An ufetubus (D:7)
  4 worms
  2 dart slugs
  28 orcs
  9 ball pythons
  9 bats
  9 endoplasms
  6 giant cockroaches
  8 goblins
  9 hobgoblins
  8 jackals
  9 kobolds
  3 quokkas
  A frilled lizard (D:3)
  8 rats
215 creatures vanquished.

Notes
Turn   | Place    | Note
-------+----------+-------------------------------------------
     0 | D:1      | bmack86 the Minotaur Fighter began the quest for the Orb.
     0 | D:1      | Reached XP level 1. HP: 19/19 MP: 0/0
    77 | D:1      | Found Xyzuaw's Antique Weapon Emporium.
   154 | D:1      | Reached XP level 2. HP: 24/27 MP: 1/1
   212 | D:1      | Reached skill level 3 in Axes
   377 | D:1      | Reached XP level 3. HP: 33/33 MP: 2/2
  1276 | D:2      | Found a shadowy altar of Dithmenos.
  1726 | D:3      | Found an ornate altar of the Wu Jian Council.
  1785 | D:3      | Reached XP level 4. HP: 40/40 MP: 3/3
  1872 | D:3      | Found a white marble altar of Elyvilon.
  1884 | D:3      | Reached skill level 4 in Axes
  2438 | D:4      | Reached XP level 5. HP: 30/47 MP: 4/4
  2512 | D:4      | Noticed Blork the orc
  2531 | D:4      | Killed Blork the orc
  2671 | D:4      | Noticed a black bear
  2682 | D:4      | Killed a black bear
  2683 | D:4      | Reached skill level 5 in Axes
  2683 | D:4      | Reached skill level 5 in Armour
  2683 | D:4      | Reached skill level 5 in Shields
  2683 | D:4      | Reached XP level 6. HP: 25/55 MP: 5/5
  2709 | D:4      | Noticed Sigmund
  2720 | D:4      | Killed Sigmund
  2721 | D:4      | Reached skill level 5 in Fighting
  2910 | D:4      | Reached skill level 6 in Axes
  2910 | D:4      | Reached XP level 7. HP: 60/61 MP: 6/6
  3059 | D:4      | Noticed Edmund
  3075 | D:4      | Killed Edmund
  3125 | D:4      | Noticed Duvessa
  3125 | D:4      | Noticed Dowan
  3146 | D:4      | Killed Duvessa
  3147 | D:4      | Reached skill level 7 in Axes
  3148 | D:4      | Killed Dowan
  3465 | D:4      | Noticed Ijyb
  3472 | D:4      | Killed Ijyb
  3473 | D:4      | Reached XP level 8. HP: 70/70 MP: 7/7
  3801 | D:5      | Entered Level 5 of the Dungeon
  4035 | D:5      | Reached skill level 8 in Axes
  4196 | D:5      | You fall into a shaft and drop 1 floor!
  4903 | D:6      | Noticed a troll
  4912 | D:6      | Killed a troll
  4913 | D:6      | Reached skill level 9 in Axes
  5138 | D:6      | Reached XP level 9. HP: 78/79 MP: 8/8
  5216 | D:6      | Noticed a komodo dragon
  5225 | D:6      | Killed a komodo dragon
  5966 | D:7      | Reached skill level 10 in Axes
  5966 | D:7      | Reached skill level 1 in Throwing
  6075 | D:7      | Found a staircase to the Ecumenical Temple.
  6085 | Temple   | Entered the Ecumenical Temple
  6100 | Temple   | Became a worshipper of Warmaster Okawaru
  6731 | D:7      | Reached skill level 12 in Axes
  6731 | D:7      | Reached XP level 10. HP: 93/93 MP: 9/9
  6760 | D:8      | Noticed a purple ugly thing
  6772 | D:8      | Killed a purple ugly thing
  6829 | D:8      | Reached skill level 13 in Axes
  6837 | D:8      | Reached skill level 1 in Invocations
  6881 | D:8      | Found a staircase to the Lair.
  6914 | D:8      | Reached skill level 10 in Armour
  6914 | D:8      | Reached skill level 10 in Shields
  6984 | D:8      | Noticed Erica
  6998 | D:8      | Killed Erica
  6998 | D:8      | Reached * piety under Okawaru
  6999 | D:8      | Reached skill level 10 in Fighting
  7391 | D:9      | Noticed soul19's ghost (novice TrWr)
  7430 | D:9      | Found a transporter.
  7434 | D:9      | Found a transporter.
  7443 | D:9      | Reached XP level 11. HP: 96/99 MP: 11/11
  7443 | D:9      | Noticed a two-headed ogre
  7453 | D:9      | Noticed a two-headed ogre
  7454 | D:9      | Killed a two-headed ogre
  7466 | D:9      | Killed a two-headed ogre
  7466 | D:9      | Reached ** piety under Okawaru
  8329 | D:10     | Entered Level 10 of the Dungeon
  9074 | D:10     | Noticed Snorg
  9089 | D:10     | HP: 2/101 [Snorg (5)]
  9090 | D:10     | Slain by Snorg

Illustrated notes

Levels and vault maps discovered:
D:1:      erik_arrival_triangle_small, layout_loops_ring, serial_shops,
          nicolae_shop_overgrown_old_shop
D:2:      layout_basic, basic_altar
D:3:      layout_basic, mainiacjoe_overflow_brackets,
          mainiacjoe_overflow_concentric_impassable, minmay_three_crescents
D:4:      layout_cave_pods, kennysheep_potato, uniq_duvessa, uniq_edmund,
          uniq_ijyb, uniq_sigmund, uniq_blork_the_orc
D:5:      layout_cave_pods
D:6:      layout_cave_pods
D:7:      layout_basic, minmay_temple_entry_large_hall
D:8:      layout_cave_pools, uniq_erica
D:9:      layout_irregular_city, gammafunk_ghost_hive, hangedman_decor_lopped
D:10:     layout_grid_maze, minmay_tree_intersection, uniq_snorg
Temple:   nicolae_temple_bog_church

Skill      XL: |  1  2  3  4  5  6  7  8  9 10 11 |
---------------+----------------------------------+-----
Axes           | 3 4 5 6 7 9 12 13 | 13.8
Fighting       | 4 5 6 7 9 10 | 10.5
Shields        | 4 5 6 7 9 10 | 10.5
Armour         | 4 5 6 7 9 10 | 10.5
Throwing       | 1 2 3 |  3.4
Invocations    | 1 2 |  2.9

Action                   |  1- 3 |  4- 6 |  7- 9 | 10-12 || total
-------------------------+-------+-------+-------+-------++-------
Melee: War axe           |    85 |    96 |   254 |   152 ||   587
       Headbutt          |     8 |    12 |    57 |    32 ||   109
Invok: Heroism           |       |       |       |     3 ||     3
  Use: Scroll            |     2 |     3 |     9 |    10 ||    24
       Potion            |       |     1 |     1 |       ||     2
Armor: Scale mail        |    53 |    27 |       |       ||    80
       Chain mail        |       |    28 |   105 |    54 ||   187
       Skin              |       |       |     9 |       ||     9
       Plate armour      |       |       |       |    21 ||    21
Dodge: Dodged            |    58 |    50 |    62 |    61 ||   231
Block: Buckler           |    29 |    43 |   131 |    93 ||   296
       Reflection        |       |       |     3 |       ||     3

Table legend: (Time is in decaauts)
 A = Elapsed time spent in this place.
 B = Non-inter-level travel time spent in this place.
 C = Inter-level travel time spent in this place.
 D = Time resting spent in this place.
 E = Time spent auto-exploring this place.
 F = Levels seen in this place.
 G = Mean time per level.
                   A        B        C        D        E       F      G
               +--------+--------+--------+--------+--------+-----+--------+
         Total |   9180 |   8754 |    426 |    531 |   5688 |  11 |  834.5 |
       Dungeon |   8974 |   8571 |    403 |    531 |   5529 |  10 |  897.4 |
        Temple |    206 |    183 |     23 |      0 |    158 |   1 |  206.0 |
               +--------+--------+--------+--------+--------+-----+--------+

Top non-repeatable levels by time:
     D:4: 1446 daAuts
     D:6: 1205 daAuts
     D:9: 949 daAuts
     D:2: 922 daAuts
     D:5: 900 daAuts
     D:1: 831 daAuts
    D:10: 766 daAuts
     D:3: 721 daAuts
     D:7: 623 daAuts
     D:8: 606 daAuts
  Temple: 206 daAuts
